Map: [ESL] Inside and Out

Players

Creator

  • Race: Protoss Protoss
  • Spawn Location: 7:00

Neeb - Winner!

  • Race: Protoss Protoss
  • Spawn Location: 1:00

Event: DreamHack SC2 Masters 2022 Valencia

VOD

Have the link to the VOD?

Description

Time

  • Played on: July 3, 2022, 6:53 a.m.
  • Length: 12:31

All games in this series

Show
View Real Time Build Order
Export as new Build Order

Creator Protoss 

Build Orders: Blink Stalkers 

Get SALT Encoding   

  12  0:00  Probe  
  13  0:12  Probe  
  14  0:19  Pylon  
  14  0:24  Probe  
  15  0:37  Probe (Chrono Boost)  
  15  0:38  Gateway  
  16  0:47  Assimilator  
  16  0:48  Probe (Chrono Boost)  
  17  0:53  Probe (Chrono Boost)  
  18  1:03  Probe (Chrono Boost)  
  19  1:05  Assimilator  
  19  1:10  Pylon  
  19  1:15  Probe (Chrono Boost)  
  20  1:22  Probe (Chrono Boost)  
  21  1:26  Cybernetics Core  
  21  1:29  Probe  
  22  1:36  Zealot  
  24  1:42  Probe  
  25  1:54  Probe  
  26  2:01  Stalker (Chrono Boost)  
  26  2:06  Warp Gate  
  28  2:16  Nexus  
  28  2:20  Probe  
  29  2:27  Pylon  
  29  2:33  Probe  
  30  2:45  Stalker, Probe  
  33  2:53  Gateway  
  33  2:56  Pylon  
  33  3:02  Shield Battery  
  33  3:05  Probe  
  34  3:11  Twilight Council  
  34  3:17  Probe  
  35  3:21  Gateway  
  35  3:28  Probe  
  35  3:31  Probe  
  35  3:32  Shield Battery  
  37  3:39  Blink (Chrono Boost)  
  36  3:44  Probe x2  
  38  3:54  Stalker  
  38  3:55  Stalker  
  42  3:58  Probe (Chrono Boost)  
  43  4:03  Probe (Chrono Boost)  
  44  4:10  Probe (Chrono Boost)  
  44  4:12  Pylon  
  44  4:16  Stalker, Probe x2 (Chrono Boost)  
  48  4:22  Stalker  
  50  4:24  Probe  
  50  4:26  Probe  
  50  4:27  Pylon  
  52  4:37  Stalker, Robotics Facility  
  54  4:40  Stalker  
  56  4:48  Stalker  
  58  4:59  Probe  
  60  5:00  Probe  
  60  5:01  Nexus  
  60  5:12  Stalker x2  
  64  5:14  Stalker  
  66  5:22  Probe  
  66  5:23  Probe  
  66  5:25  Observer  
  66  5:26  Pylon  
  66  5:27  Assimilator  
  69  5:34  Probe  
  69  5:35  Probe  
  69  5:38  Pylon  
  69  5:39  Pylon, Gateway  
  69  5:50  Probe x2  
  65  6:07  Stalker x2  
  65  6:08  Stalker  
  65  6:09  Probe x2 (Chrono Boost)  
  69  6:14  Probe (Chrono Boost)  
  69  6:16  Charge, Forge  
  70  6:21  Probe x2 (Chrono Boost)  
  70  6:25  Probe (Chrono Boost)  
  73  6:26  Shield Battery  
  73  6:27  Probe x2 (Chrono Boost)  
  73  6:29  Probe (Chrono Boost)  
  76  6:34  Stalker x2  
  76  6:35  Probe x2  
  82  6:41  Sentry  
  82  6:43  Protoss Ground Weapons Level 1 (Chrono Boost), Probe  
  85  6:48  Gateway  
  85  6:50  Gateway  
  85  6:52  Gateway  
  85  6:58  Stalker  
  87  7:04  Nexus, Warp Prism (Chrono Boost)  
  87  7:06  Pylon  
  89  7:13  Probe x3  
  90  7:18  Gateway  
  88  7:25  Stalker x3  
  88  7:26  Stalker  
  88  7:29  Probe x3  
  99  7:32  Photon Cannon  
  99  7:37  Immortal (Chrono Boost)  
  99  7:42  Pylon  
  103  7:56  Zealot x3  
  103  7:57  Zealot  
  103  7:58  Zealot x2  
  115  8:00  Shield Battery  
  115  8:01  Pylon  
  115  8:09  Templar Archives  
  113  8:22  Zealot x5  
  113  8:23  Zealot x3  
  121  8:42  Zealot x3  
  121  8:43  Zealot x3  
  121  8:45  Probe  
  121  8:47  Photon Cannon  
  101  9:04  High Templar  
  101  9:05  High Templar, Zealot x2  
  103  9:10  Archon  
  103  9:15  Photon Cannon  
  103  9:16  Photon Cannon  
  94  9:19  Photon Cannon, Pylon  
  86  9:56  Nexus  
Show
View Real Time Build Order
Export as new Build Order

Neeb Protoss - Winner!

Build Orders: Oracle Opening, Phoenix Opening, Zealot Archon 

Get SALT Encoding   

  12  0:00  Probe  
  13  0:12  Probe  
  14  0:19  Pylon  
  14  0:24  Probe (Chrono Boost)  
  15  0:37  Probe (Chrono Boost), Gateway  
  16  0:45  Probe (Chrono Boost)  
  16  0:46  Assimilator  
  17  0:51  Probe  
  18  0:58  Assimilator  
  18  1:04  Probe (Chrono Boost)  
  19  1:05  Pylon  
  19  1:16  Probe (Chrono Boost)  
  20  1:21  Probe (Chrono Boost)  
  21  1:26  Cybernetics Core  
  21  1:30  Probe  
  22  1:37  Zealot  
  24  1:42  Probe  
  25  1:54  Pylon, Probe  
  26  2:02  Stargate  
  28  2:20  Nexus  
  26  2:27  Stalker  
  28  2:38  Pylon  
  27  2:45  Oracle (Chrono Boost), Shield Battery  
  30  2:53  Probe  
  31  3:05  Probe  
  32  3:15  Phoenix  
  32  3:17  Probe  
  32  3:18  Warp Gate  
  35  3:25  Stalker  
  37  3:27  Pylon  
  37  3:29  Probe  
  38  3:36  Probe  
  39  3:42  Probe (Chrono Boost)  
  40  3:48  Probe (Chrono Boost)  
  42  3:59  Probe x2 (Chrono Boost), Robotics Facility  
  43  4:07  Probe (Chrono Boost)  
  43  4:08  Sentry  
  43  4:09  Probe (Chrono Boost)  
  47  4:14  Probe (Chrono Boost)  
  47  4:17  Probe (Chrono Boost)  
  49  4:20  Probe  
  50  4:27  Probe  
  51  4:32  Probe  
  51  4:34  Nexus  
  51  4:36  Pylon  
  52  4:39  Probe  
  52  4:42  Assimilator  
  53  4:48  Immortal (Chrono Boost)  
  53  4:50  Probe  
  53  4:51  Probe  
  59  5:00  Gateway  
  59  5:02  Probe  
  59  5:03  Probe, Shield Battery  
  61  5:13  Pylon  
  61  5:14  Probe  
  62  5:15  Probe  
  62  5:18  Immortal (Chrono Boost)  
  67  5:26  Probe  
  67  5:27  Stalker  
  70  5:31  Probe  
  71  5:35  Pylon  
  71  5:38  Probe  
  71  5:40  Twilight Council  
  71  5:41  Forge  
  72  5:43  Probe  
  71  5:56  Stalker x2  
  71  5:57  Immortal (Chrono Boost)  
  71  6:02  Probe  
  72  6:07  Probe  
  72  6:09  Probe  
  72  6:11  Protoss Ground Weapons Level 1 (Chrono Boost)  
  72  6:14  Probe  
  72  6:15  Gateway x2  
  73  6:20  Stalker x2, Probe  
  73  6:21  Probe  
  73  6:24  Charge (Chrono Boost)  
  79  6:26  Probe  
  79  6:30  Observer  
  81  6:35  Gateway  
  81  6:40  Gateway  
  81  6:42  Gateway  
  81  6:44  Gateway  
  81  6:51  Templar Archives  
  81  6:55  Sentry  
  81  6:56  Zealot  
  81  6:58  Probe x2  
  81  7:00  Pylon  
  84  7:05  Pylon  
  84  7:07  Pylon  
  84  7:08  Warp Prism  
  84  7:15  Zealot x2  
  90  7:16  Probe  
  90  7:17  Pylon  
  90  7:20  Assimilator  
  91  7:25  Pylon  
  91  7:27  Pylon  
  91  7:29  Observer  
  91  7:30  High Templar x2  
  91  7:31  Zealot  
  91  7:35  Pylon, Archon, Zealot x2  
  91  7:36  Zealot  
  103  7:39  Zealot x2  
  103  7:42  Probe, Assimilator  
  108  7:47  Pylon, Assimilator  
  108  7:52  Zealot  
  108  7:54  Observer  
  111  7:59  Zealot x5  
  111  8:04  Probe x2  
  111  8:05  Probe  
  124  8:18  Zealot x3  
  124  8:19  Zealot x3  
  136  8:20  Zealot  
  126  8:39  High Templar x2  
  126  8:40  Zealot x6  
  136  8:44  Archon  
  98  9:20  Nexus  
  98  9:21  Pylon  
  92  9:40  Robotics Facility, Shield Battery  
  86  10:39  Pylon  
  84  11:21  Pylon  
  84  11:22  Pylon  
  84  11:25  Pylon x3  
  81  11:36  Pylon  
  81  11:38  Pylon  
  81  11:40  Pylon  
  81  11:52  Immortal (Chrono Boost)  
  81  12:01  Gateway  

Tags
 
Add a new tag
Caveats
  • Supply blocks, unpowered buildings, or Contaminate may cause inaccurate times.
  • Supply counts are checked every 10 seconds.